 Dungeon Crawl Stone Soup version 0.17-b1-22-g5359643 (webtiles) character file.

6535 Leibowitz the Spear-Bearer (level 11, -4/84 HPs)
             Began as a Merfolk Gladiator on Nov 4, 2015.
             Hit by a large rock thrown by a cyclops (20 damage)
             ... on level 11 of the Dungeon.
             The game lasted 00:45:31 (10681 turns).

Leibowitz the Spear-Bearer (Merfolk Gladiator)     Turns: 10681, Time: 00:45:31

Health: -4/84      AC: 16    Str: 16    XL:     11   Next: 1%
Magic:  0/12       EV: 15    Int:  7    God:    Xom [*.....]
Gold:   493        SH:  0    Dex: 20    Spells: 0 memorised, 10 levels left

rFire  . . .     SeeInvis .     v - +2 trident (protect)
rCold  . . .     Clarity  .     z - +2 ring mail {rPois}
rNeg   . . .     SustAt   .     (no shield)
rPois  +         Gourm    .     e - +0 helmet
rElec  .         Spirit   +     D - +0 cloak
rCorr  .         Warding  .     g - +0 pair of gloves
rMut   .         Stasis   .     (no boots)
MR     +....                    k - amulet of guardian spirit
Stlth  +++.......               y - +4 ring of dexterity
                                r - ring of protection from magic

@: somewhat resistant to hostile enchantments, fairly stealthy
A: change form in water, swift swim, slimy green scales 1, clumsy 1, deformed
body
a: Renounce Religion


You were on level 11 of the Dungeon.
You worshipped Xom.
You were a special plaything of Xom.
You were not hungry.

You visited 2 branches of the dungeon, and saw 12 of its levels.

You collected 493 gold pieces.

Inventory:

Hand Weapons
 b - a +1 dagger of venom
 i - the +3 spear "Dragon's Tongue" {pierce, rF+ rC+}
   (You found it on level 6 of the Dungeon)

   It inflicts extra damage upon your enemies.
   It protects you from fire.
   It protects you from cold.
 v - a +2 trident of protection (weapon)
Missiles
 A - 2 throwing nets (quivered)
Armour
 e - a +0 helmet (worn)
 g - a +0 pair of gloves (worn)
 z - a +2 ring mail of poison resistance (worn)
 D - a +0 cloak (worn)
Jewellery
 k - an amulet of guardian spirit (around neck)
 n - an uncursed amulet of resist mutation
 p - an uncursed ring of protection from cold
 r - a ring of protection from magic (left hand)
 y - a +4 ring of dexterity (right hand)
 E - an uncursed ring of protection from magic
Wands
 m - a wand of magic darts (25)
 x - a wand of magic darts (48)
 C - a wand of teleportation (2)
Scrolls
 d - 3 scrolls of enchant weapon
 f - 7 scrolls of identify
 j - 4 scrolls of teleportation
 q - 2 scrolls of remove curse
 B - a scroll of enchant armour
Potions
 h - 6 potions of curing
 s - a potion of brilliance
Comestibles
 a - 4 chunks of flesh
 c - 8 bread rations
 l - 4 meat rations
 o - 3 slices of pizza
 t - 6 beef jerkies
 u - 3 fruits
 w - a royal jelly


   Skills:
 + Level 7.4 Fighting
 + Level 1.9 Short Blades
 + Level 12.2 Polearms
 + Level 2.9 Throwing
 + Level 4.9 Armour
 + Level 11.5 Dodging
 + Level 6.3 Stealth
 + Level 1.5 Evocations


You had 10 spell levels left.
You didn't know any spells.

Dungeon Overview and Level Annotations

Branches:
Dungeon (11/15)            Temple (1/1) D:6             Orc (0/4) D:9
   Lair: D:8-11

Altars:
Ashenzari
Cheibriados
Dithmenos
Elyvilon
Fedhas
Gozag
Kikubaaqudgha
Makhleb
Nemelex Xobeh
Okawaru
Qazlal
Ru
Sif Muna
Trog
Vehumet
Xom
Yredelemnul
Zin
The Shining One

Annotations:
D:3 happy2pester's ghost, amateur HOGl


Innate Abilities, Weirdness & Mutations

You revert to your normal form in water.
You are very nimble and swift while swimming.
You are partially covered in slimy green scales (AC +2).
You are clumsy. (Dex -2)
Armour fits poorly on your strangely shaped body.


Message History

a ring mail; an orc corpse
Things that are here:
a ring mail; an orc corpse You can't go down here!
There is a stone staircase leading down here.
You climb downwards.
The orc misses you.
There is a stone staircase leading up here.
You puncture the orc!
You kill the orc!
The orc priest miscasts a cantrip.
The orc priest invokes the aid of Beogh against you.
Something smites you!
There is a stone staircase leading up here.
The orc priest casts a cantrip, but nothing happens.
The orc priest mumbles some strange prayers to Beogh against you.
Something smites you!
* * * LOW HITPOINT WARNING * * *
The cyclops throws a large rock.
The large rock hits you!!
You die...
Xom titters!

#..######
#.......#
#.......#
#..C....#
..#####.o.....#
..............#
..............#
..............#
.........@)...#
..............#
..............#
..............#
..............#
..............#
.........######
.#####..# #..#


You could see a cyclops and an orc priest.

Vanquished Creatures
  Urug (D:10)
  A hill giant (D:9)
  Maurice (D:9)
  A two-headed ogre (D:11)
  A deep elf mage (D:9)
  A hippogriff (D:8)
  Menkaure (D:6)
  Edmund (D:5)
  2 ice beasts (D:10)
  A water moccasin (D:9)
  3 orc warriors
  A sky beast (D:5)
  A phantom (D:6)
  6 centaurs
  2 ogres
  7 giant frogs
  A big kobold (D:8)
  A wyvern zombie (D:6)
  A gnoll sergeant (D:6)
  3 scorpions
  18 wights
  3 crimson imps
  A centaur zombie (D:8)
  A wasp zombie (D:10)
  2 giant frog zombies (D:6)
  2 jellies
  2 hounds
  5 iguanas
  3 orc priests
  A centaur skeleton (D:5)
  13 orc wizards
  4 worker ants
  A hound skeleton (D:6)
  6 adders
  A worker ant zombie (D:10)
  9 gnolls
  3 shadow imps
  An ooze (D:1)
  4 adder skeletons
  5 worms
  5 giant geckos
  40 orcs
  A ball python (D:1)
  3 giant cockroaches
  7 hobgoblins
  7 jackals (D:9)
  6 bats
  7 giant newts
  11 goblins
  11 kobolds
  5 quokkas
  A quokka skeleton (D:5)
  8 rats
234 creatures vanquished.

Vanquished Creatures (others)
  A water moccasin (D:10)
  An orc priest (D:5)
2 creatures vanquished.

Grand Total: 236 creatures vanquished

Notes
Turn   | Place    | Note
--------------------------------------------------------------
     0 | D:1      | Leibowitz the Merfolk Gladiator began the quest for the Orb.
     0 | D:1      | Reached XP level 1. HP: 16/16 MP: 1/1
   399 | D:1      | Reached XP level 2. HP: 23/23 MP: 2/2
  1185 | D:2      | Reached XP level 3. HP: 28/28 MP: 3/3
  1207 | D:2      | Reached skill level 5 in Polearms
  1611 | D:2      | Reached XP level 4. HP: 18/34 MP: 1/4
  2128 | D:3      | Noticed happy2pester's ghost (amateur HOGl)
  2340 | D:3      | Reached skill level 1 in Armour
  2515 | D:3      | Found a faded altar to an unknown god.
  2695 | D:4      | Found a blossoming altar of Fedhas.
  2779 | D:4      | Reached skill level 5 in Dodging
  2779 | D:4      | Reached skill level 1 in Stealth
  2779 | D:4      | Reached XP level 5. HP: 39/39 MP: 5/5
  2826 | D:4      | Found a deep blue altar of Sif Muna.
  2997 | D:4      | Reached skill level 6 in Polearms
  3048 | D:4      | Noticed an ogre
  3059 | D:4      | Killed an ogre
  3059 | D:4      | Reached XP level 6. HP: 44/46 MP: 6/6
  3078 | D:4      | Gained mutation: You are partially covered in slimy green scales (AC +2). [potion of beneficial mutation]
  3430 | D:5      | Entered Level 5 of the Dungeon
  3535 | D:5      | Noticed Edmund
  3580 | D:5      | Killed Edmund
  3597 | D:5      | Found an opulent altar of Gozag.
  3707 | D:5      | Found a radiant altar of Vehumet.
  3750 | D:5      | Reached skill level 7 in Polearms
  3750 | D:5      | Reached XP level 7. HP: 42/52 MP: 7/7
  4597 | D:5      | Reached XP level 8. HP: 31/59 MP: 4/8
  4973 | D:5      | Reached skill level 8 in Dodging
  5652 | D:6      | Found a stormy altar of Qazlal.
  5943 | D:6      | Reached skill level 9 in Dodging
  5980 | D:6      | Got a steaming spear
  5982 | D:6      | Identified the cursed +3 spear "Dragon's Tongue" {pierce, rF+ rC+} (You found it on level 6 of the Dungeon)
  5994 | D:6      | Reached skill level 1 in Short Blades
  5998 | D:6      | Reached XP level 9. HP: 47/66 MP: 7/9
  6224 | D:6      | Reached skill level 5 in Fighting
  6435 | D:6      | Found a staircase to the Ecumenical Temple.
  6453 | Temple   | Entered the Ecumenical Temple
  6703 | Temple   | Became a worshipper of Xom of Chaos
  6717 | D:6      | Noticed Menkaure
  6722 | D:6      | XOM: potion effect (berserk rage)
  6723 | D:6      | Killed Menkaure
  6788 | D:6      | XOM: enchant monster (bad)
  7196 | D:7      | XOM: potion effect (might)
  7208 | D:7      | Reached skill level 10 in Dodging
  7227 | D:7      | Reached skill level 10 in Polearms
  7331 | D:7      | XOM: polymorph gnoll -> giant gecko
  7387 | D:7      | XOM: swap monsters
  7492 | D:7      | XOM: silly message
  7821 | D:8      | XOM: potion effect (might)
  7829 | D:8      | Reached skill level 5 in Stealth
  7937 | D:8      | Reached XP level 10. HP: 76/76 MP: 10/10
  7968 | D:8      | XOM: divination: detect creatures
  8353 | D:8      | XOM: harmless Ice miscast
  8394 | D:8      | Found a shadowy altar of Dithmenos.
  8402 | D:8      | Reached skill level 11 in Polearms
  8473 | D:9      | XOM: potion effect (agility)
  8572 | D:9      | XOM: silly message
  8681 | D:9      | Noticed Maurice
  8744 | D:9      | Killed Maurice
  8756 | D:9      | Found a staircase to the Orcish Mines.
  8819 | D:9      | Noticed a hill giant
  8828 | D:9      | XOM: potion effect (berserk rage)
  8833 | D:9      | XOM: harmless Pois miscast
  8834 | D:9      | Killed a hill giant
  9092 | D:9      | XOM: harmless Divn miscast
  9222 | D:9      | XOM: silly message
  9261 | D:9      | XOM: silly message
  9633 | D:10     | Entered Level 10 of the Dungeon
  9716 | D:10     | XOM: blink monster(s)
 10222 | D:10     | XOM: enchant monster (bad)
 10224 | D:10     | XOM: swap monsters
 10231 | D:10     | Noticed Urug
 10234 | D:10     | XOM: summons friendly shadow imp
 10242 | D:10     | XOM: summons friendly white imp
 10255 | D:10     | Killed Urug
 10255 | D:10     | Reached skill level 12 in Polearms
 10255 | D:10     | Reached skill level 1 in Evocations
 10260 | D:10     | XOM: mild Air miscast
 10541 | D:10     | XOM: give mutations
 10541 | D:10     | Gained mutation: You are clumsy. (Dex -2) [Xom's mischief]
 10541 | D:10     | Lost mutation: You are clumsy. (Dex -2) [Xom's mischief]
 10541 | D:10     | Gained mutation: Armour fits poorly on your strangely shaped body. [Xom's mischief]
 10541 | D:10     | Gained mutation: You are clumsy. (Dex -2) [Xom's mischief]
 10592 | D:11     | XOM: mild Divn miscast
 10593 | D:10     | XOM: divine lightning (protected)
 10604 | D:11     | Reached XP level 11. HP: 53/84 MP: 10/12
 10638 | D:11     | Noticed a cyclops
 10681 | D:11     | Hit by a large rock thrown by a cyclops

Action                   |  1- 3 |  4- 6 |  7- 9 | 10-12 || total
-------------------------+-------+-------+-------+-------++-------
Melee: Trident           |   132 |   124 |   222 |   185 ||   663
       Dagger            |     4 |    28 |    71 |    14 ||   117
       Spear             |       |       |   249 |   125 ||   374
Throw: Throwing net      |     7 |     5 |     2 |       ||    14
Evoke: Wand              |       |       |       |    14 ||    14
  Use: Potion            |     2 |     6 |     1 |       ||     9
       Scroll            |       |       |    10 |       ||    10
 Stab: Sleeping          |     1 |     3 |     6 |     6 ||    16
       Held in net/web   |     1 |     1 |     1 |       ||     3
       Distracted        |     1 |       |       |     2 ||     3
  Eat: Chunk             |     2 |     7 |    14 |    10 ||    33
